 Dungeon Crawl Stone Soup version 0.29.1-2-gbd0b4ee654 (webtiles) character file.

Game seed: 3931897489826819910

250 MisterFreud the Sneak (level 5, -10/22 (24) HPs)
             Began as a Felid Berserker on Nov 2, 2022.
             Was a Believer of Trog.
             Killed by divine providence
             ... invoked by an orc priest
              (14 damage)
             ... on level 4 of the Dungeon.
             The game lasted 00:03:01 (3588 turns).

MisterFreud the Sneak (Felid Berserker)             Turns: 3588, Time: 00:03:01

HP:   -10/22 (24)   AC:  1    Str: 13    XL:     5   Next: 88%
MP:   6/6           EV: 19    Int:  8    God:    Trog [**....]
Gold: 84            SH:  0    Dex: 18    Spells: 4/4 levels left
                                        Lives: 0   Deaths: 1

rFire   + . .      SeeInvis +     - Unarmed
rCold   . . .      Faith    .   (shield unavailable)
rNeg    . . .      Spirit   .   (body armour unavailable)
rPois   .          Reflect  .   (helmet unavailable)
rElec   .          Harm     .   (cloak unavailable)
rCorr   .          Rampage  .   (gloves unavailable)
Will    ++...                   (boots unavailable)
Stlth   +++.......              (no amulet)
HPRegen 1.07/turn               d - ring of protection from fire
MPRegen 0.10/turn               (no ring)

@: about to teleport, strong-willed, regenerating, drained, quick
A: very small, claws 1, fangs 3, see invisible, speed 1, shaggy fur 1, stealthy
paws, no weapons or thrown items, no armour, multi-lived
a: Renounce Religion, Berserk, Trog's Hand


You were on level 4 of the Dungeon.
You worshipped Trog.
Trog was pleased with you.
You visited 1 branch of the dungeon, and saw 4 of its levels.

You collected 120 gold pieces.
You spent 36 gold pieces at shops.

Inventory:

Jewellery
 d - a ring of protection from fire (left paw)
 f - a ring of fire
Scrolls
 b - a scroll of teleportation
 g - a scroll of silence {unknown}
Potions
 a - a potion of curing
 c - 3 potions of mutation
 e - a potion of brilliance {unknown}
 h - a potion of cancellation {unknown}
 i - a potion of ambrosia {unknown}
 j - 2 potions of attraction {unknown}


   Skills:
 - Level 3.0 Fighting
 - Level 4.0 Dodging
 - Level 6.0 Stealth
 + Level 5.5 Unarmed Combat


You had 4 spell levels left.
You didn't know any spells.
Your spell library was empty.

Dungeon Overview and Level Annotations

Branches:
Dungeon (4/15)
 Temple: D:4-7

Altars:

Shops:
D:2 ?


Innate Abilities, Weirdness & Mutations

You have sharp claws.
You have razor-sharp teeth.
You have supernaturally acute eyesight. (SInv)
You cover ground quickly. (Speed+)
You are covered in fur. (AC +1)
Your paws help you pounce on unaware monsters.
You are incapable of wielding weapons or throwing items.
You cannot wear armour.
You gain extra lives every three experience levels.


Message History

You closely miss the orc. You bite the orc.
The orc is lightly wounded.
The orc hits you from afar with a +0 trident.
The orc wizard casts a spell at you.
You easily resist.
An orc wizard comes into view. It is wielding a +0 dagger.
The orc closely misses you. The endoplasm freezes you.
You are frozen.
The orc wizard casts a spell at you.
You easily resist.
The endoplasm freezes you.
You are frozen.
The quokka misses you.
Your skin crawls.
You feel strong-willed. The quokka misses you.
The orc hits you from afar with a +0 trident.
The orc hits you with a +2 dagger of draining!
* * * LOW HITPOINT WARNING * * *
You feel drained. The orc closely misses you. The endoplasm hits you.
* * * LOW HITPOINT WARNING * * *
Unknown command.
Unknown command.
As you read the scroll of teleportation, it crumbles to dust.
You feel strangely unstable. The quokka misses you. The orc misses you.
The orc completely misses you.
An orc priest comes into view. It is wielding a +0 dagger.
The endoplasm jiggles.
The endoplasm hits you.
* * * LOW HITPOINT WARNING * * *
The orc priest shouts!
You scratch the orc but do no damage. Your bite misses the orc.
The orc is lightly wounded.
The quokka bites you.
* * * LOW HITPOINT WARNING * * *
The orc priest invokes the aid of Beogh against you.
Beogh smites you!
Ouch! That really hurt!
You die...

...........#
>..........#
...........##
............#
......l.....#
.......g....#
!....ooo....#
..#..#r.Jo..#
...).oo@o..##
.....o###..#
....#. ####
.o..#. ... o
.. .


You could see an iguana, 2 orc priests, 3 orc wizards, 4 orcs, an endoplasm, a
quokka and a hobgoblin.

Vanquished Creatures
  Grinder (D:3)
  5 adders
  A worm (D:1)
  A dart slug (D:2)
  3 orcs (D:2)
  9 endoplasms
  3 giant cockroaches
  4 goblins
  5 hobgoblins
  4 jackals (D:1)
  8 kobolds
  4 quokkas
  7 ball pythons
  6 bats
  5 frilled lizards
  2 rats
68 creatures vanquished.

Notes
Turn   | Place    | Note
-------+----------+-------------------------------------------
     0 | D:1      | MisterFreud the Felid Berserker began the quest for the
                  | Orb.
     0 | D:1      | Reached XP level 1. HP: 10/10 MP: 2/2
    34 | D:1      | Reached skill level 1 in Stealth
    82 | D:1      | Found a faded altar of an unknown god.
   141 | D:1      | Reached XP level 2. HP: 9/14 MP: 3/3
   312 | D:1      | Reached skill level 2 in Stealth
   555 | D:1      | Reached ** piety under Trog
   562 | D:1      | Reached XP level 3. HP: 6/17 MP: 4/4
   921 | D:1      | Reached skill level 3 in Stealth
  1302 | D:2      | Found Sorchat's Magic Scroll Shoppe.
  1318 | D:2      | Bought a scroll of teleportation for 36 gold pieces
  1744 | D:2      | Reached XP level 4. HP: 8/21 MP: 5/5
  2205 | D:2      | Reached skill level 4 in Stealth
  2341 | D:2      | Reached *** piety under Trog
  3173 | D:3      | Noticed Grinder
  3174 | D:3      | Paralysed by Grinder for 2 turns
  3191 | D:3      | Slain by Grinder
  3192 | D:3      | Reached XP level 3. HP: -1/25 MP: 4/4
  3218 | D:3      | Killed Grinder
  3219 | D:3      | Reached skill level 6 in Stealth
  3219 | D:3      | Reached skill level 5 in Unarmed Combat
  3219 | D:3      | Reached XP level 4. HP: 8/21 MP: 5/5
  3219 | D:3      | Reached XP level 5. HP: 9/24 MP: 6/6
  3588 | D:4      | Killed from afar by an orc priest

Illustrated notes

Levels and vault maps discovered:
D:1:      lemuel_arrival_room, layout_rooms, basic_ecumenical_altar,
          nicolae_wormholes
D:2:      layout_loops_cross, serial_shops, shop, roderic_lattice_a,
          serial_park_tiny_1
D:3:      layout_loops_cross, uniq_grinder
D:4:      layout_rooms, nzn_random_ring

Skill      XL: |  1  2  3  4 |
---------------+-------------+-----
Stealth        | 1 2 6 4 |  6.0
Unarmed Combat | 5 |  5.5
Fighting       | |  3.0
Dodging        | |  4.0

Action                   |  1- 3 |  4- 6 || total
-------------------------+-------+-------++-------
Melee: Unarmed           |   141 |    59 ||   200
       Bite              |     7 |     7 ||    14
       Punch             |     2 |     2 ||     4
Invok: Berserk           |     1 |     1 ||     2
       Trog's Hand       |       |     2 ||     2
  Use: Scroll            |     2 |     3 ||     5
 Stab: Sleeping          |     6 |     4 ||    10
Armor: Skin              |    19 |     4 ||    23
Dodge: Dodged            |   132 |    49 ||   181
